 Dungeon Crawl Stone Soup version 0.27.1-34-g3ba077fa99 (webtiles) character file.

Game seed: 3971588484627750720

739 pkoi the Martial Artist (level 7, -1/66 HPs)
             Began as a Black Draconian Monk on Jan 17, 2022.
             Slain by Menkaure (13 damage)
             ... on level 4 of the Dungeon.
             The game lasted 00:04:51 (4130 turns).

pkoi the Martial Artist (Black Draconian Monk)      Turns: 4130, Time: 00:04:52

Health: -1/66      AC:  6    Str: 13    XL:     7   Next: 46%
Magic:  7/7        EV: 13    Int: 12    God:
Gold:   97         SH:  0    Dex: 14    Spells: 6/6 levels left

rFire    . . .     SeeInvis .     - Unarmed
rCold    . . .     Faith    .   (no shield)
rNeg     . . .     Spirit   .   (armour unavailable)
rPois    .         Reflect  .   (helmet restricted)
rElec    +         Harm     .   (no cloak)
rCorr    .         Rampage  .   (no gloves)
Will     .....                  (no boots)
Stlth    ++........             (no amulet)
HPRegen  0.21/turn              (no ring)
MPRegen  0.10/turn              (no ring)

@: hasted, studying Unarmed Combat, very quick
A: breathe lightning, AC +6, unfitting armour, electricity resistance,
cold-blooded, hooves 1, robust 1, MP-powered wands
a: Breathe Lightning


You were on level 4 of the Dungeon.
You visited 1 branch of the dungeon, and saw 4 of its levels.

You collected 97 gold pieces.

Inventory:

Hand Weapons
 l - a +0 dagger
 m - a +0 spear of venom
Wands
 n - a wand of flame (11)
Scrolls
 c - 3 scrolls of identify {unknown}
 d - 2 scrolls of noise {unknown}
 e - a scroll of fog {unknown}
 g - 2 scrolls of teleportation
Potions
 a - a potion of mutation


   Skills:
 + Level 4.3 Fighting
 + Level 3.3 Dodging
 - Level 1.7 Stealth
 + Level 9.4 Unarmed Combat


You had 6 spell levels left.
You didn't know any spells.
Your spell library contained the following spells:

 Spells                   Type           Power      Damage    Failure   Level
 Freeze                   Ice            0%         1d3       32%         1
 Passwall                 Tmut/Erth      0%         N/A       45%         2
 Swiftness                Air            0%         N/A       69%         3
 Invisibility             Hex            0%         N/A       100%        6


Dungeon Overview and Level Annotations

Branches:
Dungeon (4/15)
 Temple: D:4-7

Altars:
Kikubaaqudgha

Shops:
D:1 [

Annotations:
D:4 Menkaure


Innate Abilities, Weirdness & Mutations

You can breathe wild blasts of lightning.
Your glossy black scales are hard. (AC +6)
You cannot fit into any form of body armour.
You are resistant to electric shocks. (rElec)
You are cold-blooded and may be slowed by cold attacks.
You have large cloven feet.
You are robust. (+10% HP)
You expend magic power (3 MP) to strengthen your wands.


Message History

The adder bites you but does no damage.
You punch the adder!
You kill the adder!
Found a stone staircase leading down.
Found 8 gold pieces.
You now have 97 gold pieces (gained 8).
Done exploring.
Done exploring.
Done exploring.
Done exploring.
No target in view!
(D) Dungeon
Where to? (Enter - D:4, ? - help)
There is a stone staircase leading down here.
You climb downwards.
Menkaure shouts!
Menkaure gestures at you while chanting.
Pain shoots through your body!
There is a stone staircase leading up here.
Menkaure is nearby!
Menkaure is nearby!
You completely miss Menkaure. You tail-slap Menkaure.
Menkaure is lightly damaged.
Menkaure calls on the powers of darkness!
Your body is wracked with pain!
* * * LOW HITPOINT WARNING * * *
You barely miss Menkaure.
Menkaure is lightly damaged.
You punch Menkaure!
Your tail-slap misses Menkaure.
Menkaure is heavily damaged.
Menkaure gestures wildly while chanting.
Menkaure seems to speed up.
You hit Menkaure but do no damage. You kick Menkaure.
Your tail-slap misses Menkaure.
Menkaure is heavily damaged.
Menkaure hits you!!
* * * LOW HITPOINT WARNING * * *
Unknown command.
You feel yourself speed up. Menkaure hits you!
You die...

..#
#..
...
#..
...
#..
...
##.#
...
#..##
...
#...
...
#.M#
...
#@#
...
###
...
... .
. ...
...
...
...


You could see Menkaure (fast).

Vanquished Creatures
  Grinder (D:3)
  Sigmund (D:3)
  Eustachio (D:4)
  A water moccasin (D:3)
  Jessica (D:1)
  Ijyb (D:3)
  4 adders
  A worm (D:2)
  5 ball pythons
  3 endoplasms
  5 giant cockroaches
  3 goblins (D:1)
  5 hobgoblins
  3 quokkas
  5 bats
  4 frilled lizards
  8 kobolds
  3 rats
55 creatures vanquished.

Notes
Turn   | Place    | Note
-------+----------+-------------------------------------------
     0 | D:1      | pkoi the Draconian Monk began the quest for the Orb.
     0 | D:1      | Reached XP level 1. HP: 19/19 MP: 1/1
   228 | D:1      | Reached XP level 2. HP: 26/26 MP: 2/2
   661 | D:1      | Found a faded altar of an unknown god.
   672 | D:1      | Reached skill level 4 in Unarmed Combat
   741 | D:1      | Got Plato's Papyrus of the Glacier
   884 | D:1      | Reached XP level 3. HP: 31/31 MP: 3/3
  1003 | D:1      | Found Sititaech's Antique Armour Shop.
  1360 | D:2      | Noticed Jessica
  1385 | D:1      | Killed Jessica
  1670 | D:2      | Reached XP level 4. HP: 38/38 MP: 4/4
  1839 | D:2      | Found an ancient bone altar of Kikubaaqudgha.
  1980 | D:2      | Reached skill level 5 in Unarmed Combat
  2154 | D:3      | Noticed Ijyb
  2458 | D:3      | Noticed Grinder
  2507 | D:3      | Noticed Sigmund
  2521 | D:3      | Killed Sigmund
  2522 | D:3      | Reached skill level 6 in Unarmed Combat
  2522 | D:3      | Reached XP level 5. HP: 40/45 MP: 5/5
  2576 | D:3      | Killed Ijyb
  2577 | D:3      | Reached XP level 6. HP: 35/51 MP: 6/6
  2775 | D:3      | Noticed a water moccasin
  2875 | D:3      | Identified a scroll of acquirement
  2875 | D:3      | Acquired a manual of Unarmed Combat
  2953 | D:4      | Noticed Eustachio
  3075 | D:4      | Gained mutation: You are robust. (+10% HP) [potion of
                  | mutation]
  3075 | D:4      | Gained mutation: You have large cloven feet. [potion of
                  | mutation]
  3075 | D:4      | Gained mutation: You expend magic power (3 MP) to
                  | strengthen your wands. [potion of mutation]
  3078 | D:4      | Killed Eustachio
  3079 | D:4      | Reached skill level 7 in Unarmed Combat
  3344 | D:3      | Paralysed by Grinder for 4 turns
  3363 | D:3      | Killed Grinder
  3364 | D:3      | Reached skill level 9 in Unarmed Combat
  3364 | D:3      | Your scales start taking on a glossy black colour.
  3364 | D:3      | Reached XP level 7. HP: 17/64 MP: 7/7
  3364 | D:3      | Gained mutation: You are resistant to electric shocks.
                  | (rElec) [Black Draconian growth]
  4125 | D:4      | Noticed Menkaure
  4130 | D:4      | Slain by Menkaure

Illustrated notes

Levels and vault maps discovered:
D:1:      saegor_arrival_simple_d, layout_basic,
          shapermc_ecumenical_altar_rom_forum, serial_shops,
          nicolae_lakefront_shop
D:2:      layout_basic, basic_altar, uniq_jessica
D:3:      layout_basic, uniq_grinder, uniq_ijyb, uniq_sigmund
D:4:      layout_cave_pools, uniq_menkaure, uniq_eustachio

Skill      XL: |  1  2  3  4  5  6 |
---------------+-------------------+-----
Unarmed Combat | 4 6 9 |  9.4
Dodging        | 3 |  3.3
Fighting       | 4 |  4.3
Stealth        | |  1.7

Action                   |  1- 3 |  4- 6 |  7- 9 || total
-------------------------+-------+-------+-------++-------
Melee: Unarmed           |   122 |    37 |    18 ||   177
       Tailslap          |    11 |     7 |     1 ||    19
       Punch             |     2 |     1 |       ||     3
       Spear             |       |    33 |       ||    33
       Kick              |       |     1 |     4 ||     5
  Use: Potion            |       |     6 |     1 ||     7
       Scroll            |       |     4 |       ||     4
 Stab: Sleeping          |     2 |     2 |     1 ||     5
Armor: Skin              |    25 |    29 |     3 ||    57
Dodge: Dodged            |    62 |    43 |     5 ||   110
